 Seeded DCSS version 0.30.1-9-gdf580d7c3d (webtiles) character file.

Game seed: 9106806156630997546 (custom seed)

9949 Psyclone the Sorcerer (level 11, -5/54 HPs)
             Began as a Deep Elf Conjurer on Sept 25, 2023.
             Was an Initiate of Ashenzari.
             Shot with an arrow by a centaur warrior (19 damage)
             ... on level 10 of the Dungeon.
             The game lasted 01:01:34 (12184 turns).

Psyclone the Sorcerer (Deep Elf Conjurer)          Turns: 12184, Time: 01:01:35

Health: -5/54      AC:  8    Str:  4    XL:     11   Next: 29%
Magic:  32/38      EV: 13    Int: 30    God:    Ashenzari [......]
Gold:   380        SH:  5    Dex: 17    Spells: 45/52 levels left

rFire   + + .        y - +9 mace of World Downfall {flame, Will+ SInv}
rCold   + . .        (no shield)
rNeg    + + .        a - +0 robe
rPois   +            E - +0 helmet
rElec   .            F - +0 cloak
rCorr   +            r - +0 pair of gloves
SInv    +            C - +2 pair of boots
Will    ++...        H - amulet of Luotuh {Reflect Int+2 Dex+4 SH+5 SInv Stlth-}
Stlth   +            K - ring of Xobb {rPois rF++ rCorr}
HPRegen 0.29/turn    M - ring "Bitex" {rC+ rN++ rCorr}
MPRegen 0.26/turn

%: reflection
@: studying Throwing
A: no striking features
a: Renounce Religion, Curse Item


You were on level 10 of the Dungeon.
You worshipped Ashenzari.
Ashenzari was noncommittal.
You visited 2 branches of the dungeon, and saw 13 of its levels.
You also visited: Sewer.

You collected 1836 gold pieces.
You spent 1456 gold pieces at shops.

Inventory:

Hand Weapons
 y - the +9 mace of World Downfall (weapon) {flame, Will+ SInv}
   (You found it on level 4 of the Dungeon)

   SInv:      It lets you see invisible.
   Will:      It increases your willpower.
Missiles
 O - 2 throwing nets {!f}
Armour
 a - a +0 robe (worn)
 r - a +0 pair of gloves (worn)
 C - a +2 pair of boots (worn)
 E - a +0 helmet (worn)
 F - a +0 cloak (worn)
Jewellery
 q - a ring of flight
 H - the amulet of Luotuh (around neck) {Reflect Int+2 Dex+4 SH+5 SInv Stlth-}
   (You bought it in a shop on level 1 of the Dungeon)

   [amulet of reflection]

   It reflects blocked missile attacks.
   Int:       It affects your intelligence (+2).
   Dex:       It affects your dexterity (+4).
   SInv:      It lets you see invisible.
   SH:        It affects your SH (+5).
   Stlth:     It makes you less stealthy.
 K - the ring of Xobb (left hand) {rPois rF++ rCorr}
   (You bought it in a shop on level 1 of the Dungeon)

   [ring of resist corrosion]

   rF:        It greatly protects you from fire.
   rPois:     It protects you from poison.
   rCorr:     It protects you from acid and corrosion.
 M - the ring "Bitex" (right hand) {rC+ rN++ rCorr}
   (You bought it in a shop on level 1 of the Dungeon)

   [ring of resist corrosion]

   rC:        It protects you from cold.
   rN:        It greatly protects you from negative energy.
   rCorr:     It protects you from acid and corrosion.
Wands
 x - a wand of iceblast (6)
 L - a wand of paralysis (11)
Scrolls
 c - 2 scrolls of teleportation
 d - a scroll of blinking
 g - a scroll of fear {unknown}
 j - a scroll of silence {!r}
 k - a scroll of noise {unknown}
 o - 5 scrolls of enchant armour {unknown}
 p - 5 scrolls of poison {unknown}
 s - 2 scrolls of magic mapping {unknown}
 t - a scroll of vulnerability {unknown}
 u - a scroll of brand weapon
 v - a scroll of fog
 w - 3 scrolls of immolation
 A - 3 scrolls of enchant weapon
 N - a scroll of identify {@r1}
Potions
 b - 3 potions of magic
 e - 5 potions of curing
 f - a potion of berserk rage {unknown}
 h - 6 potions of brilliance {unknown}
 i - a potion of lignification {unknown}
 l - 3 potions of attraction {unknown}
 m - 2 potions of might {unknown}
 n - a potion of haste {unknown}
 z - a potion of invisibility {unknown}
 B - a potion of experience {unknown}
 D - a potion of degeneration {unknown}
 G - 2 potions of flight {unknown}
 I - 2 potions of mutation {unknown}
 J - 4 potions of heal wounds {unknown}


   Skills:
 - Level 2.4 Dodging
 - Level 2.4 Stealth
 - Level 21.3 Spellcasting
 + Level 5.6 Conjurations
 - Level 5.0 Hexes


You had 45 spell levels left.
You knew the following spells:

 Your Spells              Type           Power      Damage    Failure   Level
a - Magic Dart            Conj           100%       1d8       1%          1
b - Searing Ray           Conj           100%       2d8       1%          2
d - Fulminant Prism       Conj/Hex       29%        3d14      1%          4

Your spell library contained the following spells:

 Spells                   Type           Power      Damage    Failure   Level
 Apportation              Tloc           62%        N/A       1%          1
 Foxfire                  Conj/Fire      100%       2x1d9     1%          1
 Scorch                   Fire           62%        2d7       1%          2
 Dazzling Flash           Conj/Hex       100%       N/A       1%          3
 Flame Wave               Conj/Fire      48%        2d12      3%          4
 Iskenderun's Mystic Bla  Conj/Tloc      48%        2d11      3%          4
 Leda's Liquefaction      Hex/Erth       23%        N/A       4%          4
 Fireball                 Conj/Fire      24%        3d11      10%         5
 Alistair's Intoxication  Tmut/Pois      20%        N/A       30%         5
 Lee's Rapid Deconstruct  Erth           15%        3d10*     30%         5
 Starburst                Conj/Fire      24%        6d8       47%         6
 Plasma Beam              Fire/Air       15%        2x1d29    86%         6
 Statue Form              Tmut/Erth      20%        N/A       86%         6
 Summon Cactus Giant      Summ           15%        N/A       86%         6


Dungeon Overview and Level Annotations

Branches:
Dungeon (12/15) Zot: 25670  Temple (1/1) D:5 Zot: 5785    Lair (0/5) D:9
  Sewer (visited)
    Orc: D:9-12

Altars:
Ashenzari
Cheibriados
Dithmenos
Elyvilon
Fedhas
Gozag
Hepliaklqana
Kikubaaqudgha
Makhleb
Nemelex Xobeh
Okawaru
Qazlal
Ru
Sif Muna
Trog
Uskayaw
Vehumet
Wu Jian
Xom
Yredelemnul
Zin
The Shining One

Shops:
D:1 =   D:4 [

Annotations:
D:4 1 runed translucent door, Gatsu's ghost, amateur HOFi
D:7 exclusion: downstairs
D:10 3 runed translucent doors
D:12 3 runed translucent doors, Danienth's ghost, journeyman MiFi


Message History

The spriggan hits you.
You take 4 damage, and have 29/54 hp.
You now have 34/38 mp.
You miss the spriggan. The spriggan hits you!
Your fulminant prism crackles loudly.
You take 9 damage, and have 20/54 hp.
You barely miss the spriggan. You block the spriggan's attack.
Your fulminant prism explodes!
The blast of energy engulfs the spriggan!!
The spriggan is severely wounded.
The spriggan hits you but does no damage.
You hear a roar!
You hear a shout! x2; You hear a horrible gurgling sound!
Casting: Fulminant Prism (dangerous; 1% risk of failure)
Confirm with . or Enter, or press ? or * to list all spells.
Aiming: Fulminant Prism (dangerous; 1% risk of failure)
Press: ? - help, Dir - move target You conjure a prism of explosive energy!
A fulminant prism comes into view.
The spriggan closely misses you.
You now have 31/38 mp.
You miss the spriggan.
The spriggan is severely wounded.
The spriggan hits you.
Your fulminant prism crackles loudly.
The spriggan misses you.
You take 1 damage, and have 20/54 hp.
You completely miss the spriggan.
The spriggan is severely wounded.
Your fulminant prism explodes!
The blast of energy engulfs the spriggan!!!
You kill the spriggan!
The spriggan's shape twists and changes as it dies.
A deep elf pyromancer comes into view. It is wielding a +0 short sword.
You hear a shout!
The centaur warrior shouts!
The centaur warrior shoots an arrow.
The arrow completely misses you.
You see here a shapeshifter corpse.
The centaur warrior shoots an arrow.
The arrow hits you!
* * * LOW HITPOINT WARNING * * *
The centaur warrior shoots an arrow.
The arrow hits you!!
You die...

###### #######....#
###########.......##.#
..............######.#####
###########.#.#...)#.....# .....
#.#.#.##.####### ...##
#.#.#........e.+ ...##..
#.#.#.†#.####### ...##..
#.#.#.@#.......# ...##.#
#.#.#..........# ....#.#
..#.##.###.....# ....#.# #.##.#
#.....#
#...#.#######....######..#### ##
#####............c..........####.
............................#....
..........................>......
#######################....##....


You could see a centaur warrior.

Vanquished Creatures
  A komodo dragon (D:12)
  2 trolls
  Prince Ribbit (D:9)
  A meliai (shapeshifter) (D:8)
  A spriggan (shapeshifter) (D:10)
  Sigmund (D:3)
  2 shadows
  12 yaks
  A wraith (D:10)
  A wyvern (D:8)
  A steam dragon (D:9)
  7 vampire mosquitoes (D:12)
  A water moccasin (D:7)
  An acid dragon (D:10)
  2 sky beasts (D:7)
  A black bear (D:7)
  4 orc warriors
  5 centaurs
  An ogre (D:4)
  A phantom (D:5)
  8 kobold brigands
  4 bullfrogs
  2 gnoll sergeants
  4 scorpions
  16 wights
  5 jellies
  5 killer bees (D:8)
  3 howler monkeys
  2 hounds (D:7)
  4 orc priests
  A gnoll bouda (D:5)
  Crazy Yiuf (D:2)
  A sleepcap (D:6)
  Jessica (D:2)
  Natasha (thrice) (D:3)
  3 iguanas
  13 orc wizards
  A mummy (D:5)
  Robin (D:2)
  17 gnolls
  7 adders
  5 river rats
  A white imp (D:5)
  A worm (D:2)
  2 dart slugs
  25 orcs
  10 ball pythons
  5 bats
  5 endoplasms
  4 giant cockroaches
  22 goblins
  2 hobgoblins
  5 jackals
  27 kobolds
  A quokka (D:4)
  5 frilled lizards
  7 rats
276 creatures vanquished.

Vanquished Creatures (others)
  55 fulminant prisms
55 creatures vanquished.

Grand Total: 331 creatures vanquished

Notes
Turn   | Place    | Note
-------+----------+-------------------------------------------
     0 | D:1      | Psyclone the Deep Elf Conjurer began the quest for the Orb.
     0 | D:1      | Reached XP level 1. HP: 10/10 MP: 6/6
   127 | D:1      | Reached skill level 1 in Hexes
   303 | D:1      | Reached XP level 2. HP: 15/15 MP: 4/8
   337 | D:1      | Found Cetaas's Jewellery Emporium.
   694 | D:1      | Learned a level 2 spell: Searing Ray
   722 | D:2      | Found a stormy altar of Qazlal.
  1110 | D:2      | Noticed Robin
  1341 | D:2      | Killed Robin
  1342 | D:2      | Reached XP level 3. HP: 19/19 MP: 4/9
  1620 | D:2      | Noticed Jessica
  1622 | D:2      | Killed Jessica
  1623 | D:2      | Reached skill level 5 in Conjurations
  1623 | D:2      | Reached XP level 4. HP: 24/24 MP: 7/10
  1847 | D:2      | Found a runed translucent door.
  1848 | D:2      | Noticed Crazy Yiuf
  1880 | D:3      | Noticed Natasha
  1885 | D:3      | Killed Natasha
  1894 | D:3      | Noticed Natasha
  1899 | D:3      | Killed Natasha
  1900 | D:3      | Reached skill level 5 in Hexes
  2018 | D:3      | Noticed Sigmund
  2115 | D:3      | Noticed Natasha
  2120 | D:3      | Killed Natasha
  2121 | D:3      | Reached skill level 4 in Spellcasting
  2121 | D:3      | Reached XP level 5. HP: 13/28 MP: 7/13
  3020 | D:4      | Found Haiphupu's Antique Armour Emporium.
  3054 | D:4      | Reached skill level 5 in Spellcasting
  3066 | D:4      | Reached skill level 6 in Spellcasting
  3066 | D:4      | Reached XP level 6. HP: 32/32 MP: 7/17
  3250 | D:4      | Found a runed translucent door.
  3255 | D:4      | Noticed Gatsu's ghost (amateur HOFi)
  3406 | D:4      | Reached skill level 7 in Spellcasting
  3408 | D:4      | Identified the +9 mace of World Downfall {flame, Will+
                  | SInv}
  3464 | D:4      | Learned a level 4 spell: Fulminant Prism
  3623 | D:5      | Entered Level 5 of the Dungeon
  3718 | D:5      | Noticed a yak
  3718 | D:5      | Noticed a yak
  3719 | D:5      | Noticed a yak
  3719 | D:5      | Noticed a yak
  3738 | D:5      | Killed a yak
  3739 | D:5      | Reached skill level 8 in Spellcasting
  3739 | D:5      | Reached XP level 7. HP: 36/36 MP: 4/21
  3794 | D:5      | Noticed a yak
  3795 | D:5      | Noticed a yak
  3919 | D:5      | Killed a yak
  3920 | D:5      | Reached skill level 9 in Spellcasting
  3922 | D:5      | Killed a yak
  3923 | D:5      | Reached skill level 10 in Spellcasting
  3940 | D:5      | Killed a yak
  3941 | D:5      | Reached skill level 11 in Spellcasting
  3941 | D:5      | Reached XP level 8. HP: 35/41 MP: 2/25
  4086 | D:5      | Reached skill level 12 in Spellcasting
  4150 | D:5      | Found a glowing drain.
  4170 | Sewer    | Entered a sewer
  4377 | Sewer    | Reached skill level 13 in Spellcasting
  5179 | D:5      | Reached skill level 14 in Spellcasting
  5231 | D:5      | Reached XP level 9. HP: 45/45 MP: 23/29
  5738 | D:5      | Found a staircase to the Ecumenical Temple.
  5747 | Temple   | Entered the Ecumenical Temple
  5798 | Temple   | Became a worshipper of Ashenzari the Shackled
  6142 | D:5      | Found a snail-covered altar of Cheibriados.
  6147 | D:5      | Reached skill level 15 in Spellcasting
  6418 | D:3      | Killed Sigmund
  6474 | D:2      | Killed Crazy Yiuf
  6611 | D:6      | Reached skill level 16 in Spellcasting
  6614 | D:6      | Reached skill level 17 in Spellcasting
  7222 | D:7      | Reached XP level 10. HP: 50/50 MP: 27/33
  7711 | D:7      | Found a white marble altar of Elyvilon.
  7836 | D:7      | Reached skill level 18 in Spellcasting
  8274 | D:8      | Noticed a cane toad
  8758 | D:8      | Reached skill level 19 in Spellcasting
  8994 | D:8      | a cane toad changed into a meliai
  9204 | D:8      | Found a blossoming altar of Fedhas.
  9353 | D:8      | Found an ancient bone altar of Kikubaaqudgha.
  9362 | D:8      | Found a radiant altar of Vehumet.
  9418 | D:8      | Identified a scroll of acquirement
  9420 | D:8      | Acquired 1087 gold pieces
  9567 | D:1      | Bought the amulet of Luotuh {Reflect Int+2 Dex+4 SH+5 SInv
                  | Stlth-} for 524 gold pieces
  9575 | D:1      | Bought the ring of Xobb {rPois rF++ rCorr} for 487 gold
                  | pieces
  9575 | D:1      | Bought the ring "Bitex" {rC+ rN++ rCorr} for 445 gold
                  | pieces
 10247 | D:9      | Reached skill level 20 in Spellcasting
 10305 | D:9      | Noticed Prince Ribbit
 10324 | D:9      | Killed Prince Ribbit
 10465 | D:9      | You fall into a shaft and drop 3 floors!
 10489 | D:12     | Reached XP level 11. HP: 42/54 MP: 27/37
 10493 | D:12     | Noticed Danienth's ghost (journeyman MiFi)
 10586 | D:12     | Found a runed translucent gate.
 10586 | D:12     | Found a runed translucent gate.
 10586 | D:12     | Found a runed translucent gate.
 10860 | D:10     | Entered Level 10 of the Dungeon
 10911 | D:10     | Reached skill level 21 in Spellcasting
 11314 | D:9      | Identified the +2 robe of Liozacus {rPois rN+++ rCorr MP-9}
 11351 | D:9      | Found a staircase to the Lair.
 11445 | D:9      | Found a sparkling altar of Nemelex Xobeh.
 11636 | D:10     | Found a runed translucent door.
 11665 | D:10     | Noticed a catoblepas
 12097 | D:10     | Noticed a purple ugly thing
 12099 | D:10     | Found a runed translucent door.
 12099 | D:10     | Noticed a two-headed ogre
 12100 | D:10     | Found a runed translucent door.
 12107 | D:10     | Noticed a centaur warrior
 12107 | D:10     | Noticed a centaur warrior
 12107 | D:10     | Found the +7 captain's cutlass {speed, disarm}
 12108 | D:10     | Noticed a cyan ugly thing
 12108 | D:10     | Noticed an eight-headed hydra
 12108 | D:10     | Noticed a centaur warrior
 12108 | D:10     | Noticed a deep elf pyromancer
 12182 | D:10     | Noticed a deep elf pyromancer
 12184 | D:10     | Shot with an arrow by a centaur warrior

Illustrated notes

Levels and vault maps discovered:
D:1:      onia_arrival_mini_spirals, layout_loops_ring, serial_shops, shop
D:2:      layout_rooms, basic_altar, reono_crystal_passage, minmay_tetromino_l2,
          uniq_robin, uniq_jessica, uniq_crazy_yiuf_cottage
D:3:      layout_loops_ring, uniq_sigmund, uniq_natasha
D:4:      layout_rooms, ebering_ghost_sewer_d, nicolae_take_the_stairs,
          grunt_ministairs_6, ebering_dispersal_statue_hall,
          minmay_ogre_servants
D:5:      nicolae_cairo_tiling_large, layout_basic, slow_altar_2,
          minmay_temple_entry_junction_2, portal_sewer_entry_b
D:6:      layout_cave_pools
D:7:      layout_basic, elyvilon_altar_3
D:8:      layout_basic, mainiacjoe_overflow_alcove_1,
          amethyst_overflow_temple_binary, serial_curves, eino_curves_04,
          eino_curves_03, eino_curves_02, eino_curves_02,
          chequers_serial_rivers_micro_a, minmay_misc_feat_doors
D:9:      layout_irregular_city, nemelex_altar_shiori, lair_entry_dummy,
          uniq_prince_ribbit1
D:10:     minmay_the_grid_triangle_9x9_recursive_2
          [minmay_the_grid_triangle_9x9_prize_center,
          minmay_the_grid_triangle_9x9_sparse_checkered,
          minmay_the_grid_triangle_9x9_zippers_vertical,
          minmay_the_grid_triangle_9x9_fully_insulated_deathbox], layout_basic,
          columned_hall_lemuel, minmay_evil_grid
D:11:     layout_rooms, david_orc_3
D:12:     layout_cave_pools, gammafunk_ghost_icy
Temple:   nicolae_temple_bog_church

Skill      XL: |  1  2  3  4  5  6  7  8  9 10 11 |
---------------+----------------------------------+-----
Hexes          | 1 3 4 5 |  5.0
Conjurations   | 5 |  5.6
Spellcasting   | 4 6 8 11 14 17 20 21 | 21.3
Dodging        | |  2.4
Stealth        | |  2.4

Action                     |  1- 3 |  4- 6 |  7- 9 | 10-12 || total
---------------------------+-------+-------+-------+-------++-------
  Melee: Dagger            |     2 |     7 |       |       ||     9
         Mace              |       |       |    52 |     8 ||    60
   Cast: Magic Dart        |    56 |    36 |    62 |    34 ||   188
         Searing Ray       |     2 |    17 |    56 |    61 ||   136
         Fulminant Prism   |       |     2 |    18 |    35 ||    55
    Use: Scroll            |       |       |       |     9 ||     9
         Potion            |       |       |       |     1 ||     1
 Armour: Robe              |     2 |     1 |    11 |    45 ||    59
  Dodge: Dodged            |     5 |    13 |   111 |   140 ||   269
  Block: Other             |       |       |       |    28 ||    28
         Reflection        |       |       |       |     2 ||     2
